Map: Queda Cerúlea LE

Players

Vicster - Winner!

  • Race: Terran Terran
  • League: Gold
  • Spawn Location: 7:00

VOD

Have the link to the VOD?

Description

Time

  • Played on: Jan. 8, 2019, 11:57 a.m.
  • Length: 22:57
Show
View Real Time Build Order
Export as new Build Order

Vicster Terran - Winner!

Build Orders:  

Get SALT Encoding   

  12  0:01  SCV  
  13  0:18  SCV  
  14  0:27  Supply Depot  
  14  0:35  SCV  
  15  0:57  SCV  
  16  1:00  Barracks  
  16  1:14  SCV  
  16  1:16  Refinery  
  17  1:33  SCV  
  18  1:50  SCV  
  19  2:07  Orbital Command  
  19  2:24  Marine  
  19  2:25  Command Center  
  20  2:43  SCV  
  21  3:00  SCV  
  22  3:15  Command Center  
  22  3:17  SCV  
  23  3:33  Factory  
  23  3:34  SCV  
  23  3:43  Refinery  
  23  3:52  Barracks Tech Lab  
  23  4:03  Supply Depot  
  23  4:05  SCV  
  23  4:09  Orbital Command  
  24  4:11  Bunker  
  24  4:22  SCV  
  25  4:47  SCV  
  26  4:50  Supply Depot  
  26  4:51  SCV  
  26  4:56  Siege Tank  
  30  5:03  SCV  
  30  5:04  Supply Depot  
  30  5:08  SCV  
  32  5:11  Orbital Command  
  32  5:20  SCV  
  32  5:25  SCV  
  34  5:37  SCV  
  35  5:42  SCV  
  35  5:47  Engineering Bay  
  35  5:48  SCV  
  37  5:51  Siege Tank  
  37  5:54  SCV  
  41  6:02  Armory  
  41  6:03  SCV  
  41  6:05  SCV  
  43  6:11  SCV  
  44  6:20  SCV  
  44  6:22  SCV  
  44  6:24  Supply Depot  
  44  6:28  SCV  
  44  6:29  Supply Depot  
  47  6:36  Siege Tank  
  47  6:39  SCV  
  51  6:44  SCV  
  51  6:45  SCV  
  53  6:56  SCV  
  54  7:00  Missile Turret  
  54  7:01  SCV  
  55  7:13  Refinery  
  55  7:15  Refinery  
  55  7:19  Missile Turret  
  55  7:25  SCV  
  55  7:27  SCV x2  
  58  7:32  Missile Turret  
  58  7:41  SCV  
  58  7:44  Factory, SCV x2  
  58  7:45  Factory  
  61  7:54  Missile Turret  
  61  7:58  SCV  
  62  8:00  SCV  
  62  8:01  SCV  
  62  8:09  Missile Turret  
  64  8:15  SCV  
  65  8:20  Siege Tank  
  65  8:22  Missile Turret  
  65  8:29  Terran Vehicle Weapons Level 1  
  68  8:33  SCV  
  68  8:34  SCV x2  
  71  8:45  Armory  
  71  8:50  SCV  
  71  8:51  SCV x2  
  71  8:53  Factory Reactor  
  71  8:56  Factory Reactor  
  71  8:59  Factory  
  74  9:03  Factory  
  74  9:12  Orbital Command  
  74  9:13  Siege Tank  
  74  9:19  SCV  
  75  9:21  SCV  
  75  9:22  Command Center  
  76  9:36  SCV  
  76  9:38  SCV  
  78  10:03  SCV x3  
  78  10:07  Factory Tech Lab  
  78  10:08  Factory Tech Lab  
  81  10:19  Hellbat x2  
  85  10:20  Hellbat x2, SCV x3  
  85  10:26  Factory  
  92  10:34  Factory  
  92  10:37  SCV  
  93  10:44  Factory  
  93  10:52  Factory  
  93  10:59  Refinery  
  93  11:01  Refinery  
  93  11:02  SCV x3  
  96  11:19  SCV x3  
  99  11:20  Command Center x2  
  99  11:21  Terran Vehicle Weapons Level 2  
  99  11:23  Terran Vehicle And Ship Armor Level 1  
  99  11:28  Hellbat x2  
  103  11:36  SCV  
  104  11:47  Factory Tech Lab  
  104  11:49  Factory Tech Lab  
  104  11:53  Factory Tech Lab  
  104  12:14  Factory Tech Lab  
  104  12:17  Orbital Command  
  104  12:31  Hellbat  
  104  12:32  Hellbat  
  108  13:00  Hellbat x2, Thor x4  
  108  13:02  Refinery  
  108  13:03  Refinery  
  108  13:08  Refinery  
  136  13:12  Hellion  
  138  13:26  Orbital Command  
  138  13:39  Refinery  
  138  13:43  Command Center  
  138  13:46  Siege Tank  
  138  13:51  Supply Depot  
  138  13:52  Supply Depot  
  138  13:54  Supply Depot x2, Orbital Command  
  138  13:55  Siege Tank  
  138  13:57  Supply Depot  
  138  13:58  Hellion  
  138  13:59  Supply Depot  
  138  14:01  Supply Depot  
  138  14:02  Hellion  
  138  14:03  Siege Tank  
  138  14:06  Hellion  
  138  14:08  Hellion x2  
  138  14:11  Hellion  
  138  14:14  Thor  
  138  14:17  Thor  
  138  14:21  Thor  
  138  14:28  Hellion  
  135  14:38  Hellion  
  137  14:57  Hellion x2  
  137  14:58  Hellion x3  
  147  15:02  Thor x2  
  147  15:06  Terran Vehicle Weapons Level 3  
  147  15:07  Thor  
  165  15:14  Thor  
  171  15:37  SCV  
  171  15:38  SCV x4  
  177  15:44  Orbital Command  
  176  15:51  Command Center  
  176  15:54  SCV  
  176  15:55  SCV  
  178  16:28  Siege Tank  
  178  16:36  Siege Tank  
  178  17:04  Terran Vehicle And Ship Armor Level 2  
  178  17:29  Refinery  
  178  17:53  Command Center  
  178  17:54  Orbital Command  
  174  18:31  Refinery  
  170  18:56  Hellion x5  
  170  18:57  Hellion x6  
  170  18:58  Refinery  
  190  19:11  Refinery  
  190  19:13  Command Center  
  190  19:17  Command Center  
  190  19:26  Hellion x5  
  200  19:38  Orbital Command  
  192  19:56  Thor, Hellion x2  
  200  20:01  Command Center  
  200  20:09  Orbital Command  
  194  20:56  Thor  
  196  21:19  Command Center  
  196  21:31  Thor  
  198  21:45  Orbital Command  
  198  21:49  Refinery  
  198  22:19  Refinery  
Tags
 
League
Gold
Matchup
Co-op
Replay Pack
Vicster replay
Add a new tag
Caveats
  • Supply blocks, unpowered buildings, or Contaminate may cause inaccurate times.
  • Supply counts are checked every 10 seconds.